Map: Vallée des cactus EC

Players

AgCl

  • Race: Protoss Protoss
  • League: Grandmaster

Emokills - Winner!

  • Race: Zerg Zerg
  • League: Grandmaster

VOD

Have the link to the VOD?

Description

Time

  • Played on: June 9, 2015, 6:54 p.m.
  • Length: 12:42
Show
View Real Time Build Order
Export as new Build Order

AgCl Protoss 

Build Orders: 1 Gate Expand, Oracle Opening, Oracle Opening 

Get SALT Encoding   

  13  0:14  Probe  
  13  0:19  Pylon  
  13  0:40  Probe  
  14  0:45  Gateway  
  14  0:52  Probe, Assimilator  
  15  1:04  Probe  
  16  1:16  Probe  
  17  1:28  Probe  
  18  1:40  Probe, Nexus  
  19  1:53  Cybernetics Core  
  19  1:55  Probe  
  20  2:05  Pylon  
  20  2:08  Probe (Chrono Boost)  
  21  2:20  Probe (Chrono Boost)  
  22  2:28  Pylon  
  22  2:29  Probe (Chrono Boost)  
  23  2:30  Assimilator  
  23  2:37  Probe  
  24  2:50  Pylon  
  25  2:52  Probe (Chrono Boost)  
  25  2:54  Probe (Chrono Boost)  
  25  2:56  Stargate  
  26  3:02  Mothership Core (Chrono Boost)  
  26  3:05  Probe (Chrono Boost)  
  28  3:09  Adept (Chrono Boost)  
  30  3:18  Pylon  
  30  3:20  Warp Gate  
  30  3:23  Probe  
  31  3:29  Forge  
  31  3:31  Probe  
  32  3:38  Probe  
  33  3:44  Probe (Chrono Boost)  
  33  3:47  Oracle (Chrono Boost)  
  37  3:50  Probe (Chrono Boost)  
  38  3:56  Probe (Chrono Boost)  
  38  4:01  Probe (Chrono Boost)  
  40  4:06  Probe (Chrono Boost)  
  40  4:09  Probe (Chrono Boost)  
  42  4:10  Photon Cannon  
  42  4:13  Probe  
  42  4:16  Protoss Ground Weapons Level 1  
  43  4:22  Probe (Chrono Boost)  
  44  4:25  Probe (Chrono Boost)  
  44  4:29  Assimilator  
  46  4:33  Assimilator  
  46  4:34  Probe (Chrono Boost)  
  46  4:35  Probe (Chrono Boost)  
  47  4:42  Probe  
  47  4:44  Probe, Fleet Beacon  
  49  4:46  Pylon  
  49  4:49  Pylon  
  49  4:56  Probe x2 (Chrono Boost)  
  53  5:08  Probe (Chrono Boost)  
  53  5:11  Probe (Chrono Boost)  
  53  5:15  Probe (Chrono Boost)  
  53  5:18  Probe, Pylon  
  55  5:25  Probe  
  55  5:27  Phoenix (Chrono Boost)  
  48  5:37  Photon Cannon  
  48  5:38  Photon Cannon  
  42  5:44  Phoenix (Chrono Boost)  
  41  5:54  Photon Cannon  
  39  6:02  Phoenix (Chrono Boost)  
  40  6:07  Anion Pulse-Crystals (Chrono Boost)  
  40  6:09  Probe  
  40  6:11  Probe  
  42  6:21  Probe  
  42  6:23  Probe (Chrono Boost)  
  44  6:33  Probe (Chrono Boost)  
  44  6:35  Probe (Chrono Boost)  
  46  6:41  Assimilator  
  46  6:44  Probe (Chrono Boost)  
  46  6:45  Probe (Chrono Boost)  
  48  6:50  Probe  
  48  6:51  Photon Cannon  
  48  6:52  Probe  
  50  6:56  Phoenix (Chrono Boost)  
  50  6:57  Graviton Catapult (Chrono Boost)  
  52  7:02  Probe  
  52  7:04  Probe (Chrono Boost)  
  55  7:16  Probe (Chrono Boost)  
  55  7:17  Phoenix (Chrono Boost)  
  55  7:20  Probe (Chrono Boost), Protoss Air Weapons Level 1 (Chrono Boost)  
  58  7:25  Probe (Chrono Boost)  
  58  7:27  Probe (Chrono Boost)  
  60  7:32  Carrier (Chrono Boost)  
  60  7:33  Probe  
  61  7:48  Nexus  
  61  7:49  Pylon  
  61  7:58  Adept  
  69  8:01  Probe  
  70  8:08  Gateway x2  
  68  8:25  Probe (Chrono Boost)  
  68  8:27  Stalker, Probe (Chrono Boost)  
  70  8:33  Stargate  
  73  8:34  Probe (Chrono Boost)  
  73  8:35  Twilight Council, Pylon  
  73  8:36  Probe (Chrono Boost)  
  74  8:46  Carrier (Chrono Boost)  
  74  9:05  Carrier (Chrono Boost)  
  74  9:07  Photon Cannon  
  74  9:08  Photon Cannon  
  74  9:09  Pylon  
  77  9:23  Adept  
  81  9:32  Pylon  
  81  9:35  Zealot  
  83  9:44  Carrier (Chrono Boost)  
  67  9:56  Zealot  
  67  9:57  Zealot  
  58  10:16  Probe (Chrono Boost)  
  58  10:19  Cybernetics Core  
  58  10:24  Probe (Chrono Boost)  
  59  10:32  Gateway  
  59  10:35  Oracle (Chrono Boost)  
  62  10:37  Nexus  
  62  10:38  Pylon  
  62  10:39  Probe (Chrono Boost)  
  64  10:45  Probe (Chrono Boost)  
  65  10:50  Probe (Chrono Boost)  
  65  10:53  Probe (Chrono Boost)  
  65  10:54  Gateway  
  65  10:56  Gateway  
  67  11:02  Probe (Chrono Boost)  
  67  11:03  Probe (Chrono Boost)  
  68  11:11  Probe x2  
  70  11:21  Gateway  
  70  11:25  Assimilator  
  70  11:30  Pylon  
  70  11:36  Dark Shrine  
  70  11:43  Mothership Core  
  72  11:49  Sentry x2  
  72  11:53  Assimilator  
  76  12:16  Adept x2  
  74  12:27  Adept  
  74  12:28  Adept x2  
Show
View Real Time Build Order
Export as new Build Order

Emokills Zerg - Winner!

Build Orders: Pool First 

Get SALT Encoding   

  12  0:01  Drone  
  13  0:08  Drone  
  14  0:14  Extractor  
  14  0:15  Drone  
  14  0:25  Drone, Extractor  
  15  0:39  Spawning Pool  
  14  0:55  Overlord  
  14  1:06  Drone, Extractor  
  15  1:23  Drone  
  16  1:27  Queen  
  16  1:29  Drone x2  
  20  1:37  Drone  
  21  1:53  Hatchery  
  20  1:56  Drone  
  20  1:58  Drone  
  22  2:03  Extractor  
  21  2:11  Lair  
  21  2:17  Overlord  
  21  2:24  Drone  
  22  2:37  Zergling x8  
  26  2:45  Zergling x4  
  28  3:11  Spire  
  27  3:13  Drone x3  
  27  3:15  Drone  
  31  3:24  Drone  
  32  3:28  Drone x2  
  34  3:41  Spore Crawler  
  34  3:44  Spore Crawler  
  32  3:53  Queen  
  34  3:56  Overlord  
  34  4:09  Overlord  
  34  4:23  Mutalisk x4  
  42  4:31  Mutalisk  
  42  4:33  Mutalisk  
  46  4:39  Mutalisk  
  46  4:43  Drone  
  49  4:49  Drone x2  
  51  4:53  Overlord  
  51  5:03  Drone  
  52  5:07  Overlord  
  52  5:08  Overlord  
  52  5:12  Drone  
  53  6:00  Drone x5  
  53  6:01  Drone x5  
  63  6:08  Hydralisk Den  
  63  6:09  Spore Crawler  
  61  6:12  Spore Crawler  
  60  6:21  Drone  
  60  6:22  Drone x3  
  64  6:25  Drone  
  64  6:26  Extractor x2  
  64  6:29  Drone  
  64  6:46  Drone x7  
  64  6:47  Drone  
  72  6:48  Muscular Augments  
  72  6:55  Metabolic Boost  
  72  6:57  Hydralisk x2  
  75  7:13  Overlord x2  
  75  7:14  Overlord x2  
  75  7:31  Hydralisk x3  
  75  7:37  Hydralisk x5  
  91  7:46  Hydralisk x3  
  91  7:47  Hydralisk x5  
  101  8:00  Hydralisk x3  
  104  8:14  Lurker Den  
  104  8:15  Hydralisk  
  106  8:32  Overlord x2  
  106  8:33  Zergling x2  
  107  8:34  Zergling x2  
  108  8:42  Overlord x2  
  108  8:47  Roach Warren  
  107  8:48  Overlord  
  107  8:49  Overlord  
  66  10:04  Hydralisk x8  
  70  10:18  Zerg Flyer Weapons Level 1  
  70  10:24  Drone x4  
  72  10:32  Hatchery  
  72  10:34  Hatchery  
  68  10:36  Overseer  
  68  10:37  Extractor  
  68  10:39  Pneumatized Carapace  
  68  10:40  Extractor  
  68  10:42  Drone  
  67  10:43  Drone x8  
  75  10:55  Corruptor  
  75  10:56  Corruptor x3  
  83  10:57  Extractor  
  83  10:58  Corruptor  
  83  11:01  Extractor  
  83  11:14  Corruptor  
  83  11:15  Corruptor  
  83  11:18  Corruptor  
  87  11:20  Corruptor  
  91  11:30  Overlord x2  
  91  11:36  Roach  
  91  11:37  Roach x7  
  107  11:46  Corruptor x3  
  113  11:59  Corruptor x2  
Tags
 
Add a new tag
Caveats
  • Supply blocks, unpowered buildings, or Contaminate may cause inaccurate times.
  • Supply counts are checked every 10 seconds.